 Dungeon Crawl Stone Soup version 0.28.0-53-g5a82cb258f (webtiles) character file.

Game seed: 17247953346066120452

9638 tizbic2 the Spear-Bearer (level 9, 0/86 HPs)
             Began as a Hill Orc Wanderer on Aug 7, 2022.
             Was a High Priest of Ru.
             Shot with an arrow by Nessos (1 damage)
             ... on level 2 of the Orcish Mines.
             The game lasted 01:11:07 (12968 turns).

tizbic2 the Spear-Bearer (Hill Orc Wanderer)       Turns: 12968, Time: 01:11:07

Health: 0/86       AC: 14    Str: 14    XL:     9   Next: 49%
Magic:  7/9        EV:  3    Int: 11    God:    Ru [*****.]
Gold:   467        SH: 21    Dex: 19    Spells: 8/8 levels left

rFire   . . .      SeeInvis +   w - +9 trident "Beastslayer" {speed, Str-5 Dex+6}
rCold   . . .      Faith    .   i - +4 tower shield {AC+3}
rNeg    . . .      Spirit   .   O - +0 chain mail "Buppeh" {Str+2}
rPois   .          Reflect  .   F - +0 helmet
rElec   .          Harm     .   b - +0 cloak
rCorr   .          Rampage  .   (no gloves)
Will    .....                   j - +0 pair of boots
Stlth   ..........              t - amulet of the acrobat
HPRegen 0.24/turn               d - ring of wizardry
MPRegen 0.11/turn               K - ring of see invisible

@: lethally poisoned (0 -> -23), unable to read
A: inability to use devices, hated by all, no fire magic, no hexes magic, no
summoning magic, inexperienced 1, inability to read while threatened, devolution
1
a: Renounce Religion, Draw Out Power, Power Leap, Apocalypse


You were on level 2 of the Orcish Mines.
You worshipped Ru.
Ru was extremely pleased with you.
You visited 2 branches of the dungeon, and saw 11 of its levels.

You collected 835 gold pieces.
You spent 368 gold pieces at shops.

Inventory:

Hand Weapons
 a - a +3 vampiric dagger
 e - a +2 hand axe of electrocution
 r - a +2 antimagic spear
 u - a +0 trident of venom
 w - the +9 trident "Beastslayer" (weapon) {speed, Str-5 Dex+6}
   (You found it on level 2 of the Dungeon)

   Attacks with this weapon are significantly faster.
   Str:       It affects your strength (-5).
   Dex:       It affects your dexterity (+6).
 z - a +0 mace of holy wrath
 G - a +0 hand crossbow of freezing
Missiles
 c - 10 poisoned darts
 f - 2 silver boomerangs
 g - 381 stones (quivered)
 n - 85 bolts
 D - 5 datura-tipped darts
 M - 3 boomerangs
Armour
 b - a +0 cloak (worn)
 i - a +4 tower shield of protection (worn)
 j - a +0 pair of boots (worn)
 o - the +18 shield of the Gong {rElec rN+ Will+ EV-5}
   (You acquired it on level 9 of the Dungeon)

   It is deafeningly noisy when blocking attacks.
   EV:        It affects your evasion (-5).
   rElec:     It insulates you from electricity.
   rN:        It protects you from negative energy.
   Will:      It increases your willpower.
 v - the +1 robe of Red Divine Compulsion {Rampage rN+ Str+4}
   (You found it on level 4 of the Dungeon)

   Str:       It affects your strength (+4).
   rN:        It protects you from negative energy.
   Rampage:   It bestows one free step when moving towards enemies.
 F - a +0 helmet (worn)
 H - a +1 robe of cold resistance
 O - the +0 chain mail "Buppeh" (worn) {Str+2}
   (You bought it in a shop on level 9 of the Dungeon)

   Str:       It affects your strength (+2).
Jewellery
 d - a ring of wizardry (left hand)
 t - an amulet of the acrobat (around neck)
 K - a ring of see invisible (right hand)
Scrolls
 l - a scroll of holy word
 p - a scroll of teleportation
 x - a scroll of fear
 y - 2 scrolls of immolation
 J - a scroll of torment {unknown}
 N - a scroll of summoning {unknown}
Potions
 h - 2 potions of curing
 k - a potion of cancellation {unknown}
 m - 2 potions of flight {unknown}
 A - a potion of resistance {unknown}
 B - 4 potions of heal wounds {unknown}
 C - a potion of brilliance {unknown}
 E - a potion of attraction {unknown}
 I - 2 potions of ambrosia


   Skills:
 + Level 10.5 Fighting
 - Level 4.0(4.8) Short Blades
 - Level 4.6(5.5) Long Blades
 * Level 13.2 Polearms
 - Level 1.7 Throwing
 - Level 1.1 Armour
 + Level 9.5 Shields


You had 8 spell levels left.
You didn't know any spells.
Your spell library contained the following spells:

 Spells                   Type           Power      Damage    Failure   Level
 Pain                     Necr           0%         1d4       100%        1
 Passage of Golubria      Tloc           0%         N/A       100%        4
 Agony                    Necr           0%         N/A       100%        5
 Excruciating Wounds      Necr           0%         N/A       100%        5
 Tukima's Dance           Hex            Unusable   N/A       N/A         3
 Yara's Violent Unravell  Hex/Tmut       Unusable   3d3       N/A         5

Dungeon Overview and Level Annotations

Branches:
Dungeon (9/15)             Temple (0/1) D:6             Orc (2/2) D:9
    Elf (0/3) Orc:2
   Lair: D:8-11

Altars:
Ru

Shops:
D:4 **   D:9 *(*

Annotations:
D:7 2 transporters, Romesagentofchaos's ghost, novice HOFi
Orc:2 Nessos


Innate Abilities, Weirdness & Mutations

You cannot study or use magical devices.
You are hated by all.
You cannot study or cast Fire magic.
You cannot study or cast Hexes magic.
You cannot study or cast Summoning magic.
You are somewhat inexperienced. (-2 XL)
You sometimes lose the ability to read scrolls when taking damage.
You have hidden genetic defects.


Message History

Nessos gestures wildly while chanting.
Nessos blinks!
Throw: 12 darts (poison)
Press: ? - help, Shift-Dir - straight line, f - Nessos
Aim: Nessos, wearing a +0 barding and quivering arrows (severely wounded, fast, 76% to hit)
You throw a poisoned dart.
The poisoned dart closely misses Nessos.
You feel sick.
You are no longer poisoned.
Nessos wields a +1 longbow of flaming.
It bursts into flame!
Nessos shoots an arrow.
The arrow hits you. The arrow burns you.
You are poisoned.
Throw: 11 darts (poison)
Press: ? - help, Shift-Dir - straight line, f/p - Nessos
Aim: Nessos, wielding a +1 longbow of flaming, wearing a +0 barding and quivering arrows (severely wounded, fast, 76% to hit)
You throw a poisoned dart. The poisoned dart hits Nessos.
Nessos is poisoned.
Nessos is severely wounded.
You feel very sick.
Nessos drinks a potion.
Nessos is healed!
Nessos looks more healthy.
Nessos shoots an arrow.
The arrow hits you.
* * * LOW HITPOINT WARNING * * *
The arrow burns you.
You are more poisoned.
* * * LOW HITPOINT WARNING * * *
Nessos gestures wildly while chanting.
Nessos blinks!
Unknown command.
You cannot read scrolls in your current state!
You feel very sick.
Nessos shoots an arrow.
You block the arrow.
You feel better.
Nessos shoots an arrow.
The arrow hits you!
* * * LOW HITPOINT WARNING * * *
The arrow burns you!
You are poisoned.
* * * LOW HITPOINT WARNING * * *
Nessos shoots an arrow.
The arrow hits you!
* * * LOW HITPOINT WARNING * * *
The arrow burns you.
You are more poisoned.
You die...

.......................
....#.................#
.......................##
.........................
..........^..............
.........$...............
#..#...........<........#
.....................#.#.
##....@...........####.
#................#.#...
#..............<.......
#......................
.........................
.........................
(ยง.....c.....#...........
#.#..........#.....##....
##..........#.......#....


You could see Nessos (fast).

Vanquished Creatures
  Erolcha (D:9)
  A two-headed ogre (D:9)
  2 orc knights (D:9)
  A cyclops (Orc:1)
  An orc sorcerer (D:9)
  An elephant (shapeshifter) (D:8)
  Maurice (D:8)
  2 hornets
  A troll (D:9)
  Prince Ribbit (D:8)
  2 shadows (D:9)
  A wraith (D:9)
  A vampire (D:9)
  Menkaure (D:7)
  A warg (Orc:1)
  A water moccasin (D:6)
  2 black bears
  3 ice beasts
  3 necrophages (D:8)
  11 orc warriors
  2 centaurs
  3 ogres
  A phantom (D:9)
  A kobold brigand (D:8)
  2 scorpions
  5 troll zombies (D:9)
  9 killer bees (D:9)
  2 electric eels (D:6)
  2 howler monkeys (D:8)
  3 centaur zombies
  A bullfrog zombie (D:6)
  2 centaur skeletons
  3 bullfrog skeletons
  A hound (D:5)
  9 orc priests
  2 jellies (D:5)
  12 orc wizards
  3 ogre zombies (D:9)
  A hound zombie (D:5)
  2 howler monkey zombies
  3 gnolls (D:7)
  11 adders
  A white imp (D:8)
  2 ufetubi (D:5)
  3 worms
  2 dart slugs (D:2)
  54 orcs
  2 ball pythons
  5 bats
  4 endoplasms
  7 giant cockroaches
  3 goblins
  5 hobgoblins
  12 kobolds
  5 quokkas
  6 frilled lizards
  4 goblin skeletons (D:9)
  A goblin zombie (D:9)
  A hobgoblin skeleton (D:9)
  5 hobgoblin zombies (D:9)
  13 orc zombies (D:9)
  10 rats
263 creatures vanquished.

Vanquished Creatures (others)
  A water moccasin (D:6)
  An ogre (D:6)
  A killer bee (D:9)
  2 orcs (D:9)
  An orc zombie (D:9)
  24 plants
30 creatures vanquished.

Grand Total: 293 creatures vanquished

Notes
Turn   | Place    | Note
-------+----------+-------------------------------------------
     0 | D:1      | tizbic2 the Hill Orc Wanderer began the quest for the Orb.
     0 | D:1      | tizbic2 set off with the following items: a +0 long sword,
                  | a +0 short sword, 7 poisoned darts, a +0 dagger, a +0
                  | leather armour
     0 | D:1      | Reached XP level 1. HP: 16/16 MP: 1/1
   227 | D:1      | Reached XP level 2. HP: 23/23 MP: 2/2
   362 | D:1      | Found a faded altar of an unknown god.
   367 | D:1      | Prayed at the altar of an unknown god.
   367 | D:1      | Became a worshipper of Ru the Awakened
   379 | D:1      | Gained mutation: You cannot study or use magical devices.
                  | [Ru sacrifice]
   379 | D:1      | Reached * piety under Ru
   379 | D:1      | Reached ** piety under Ru
   887 | D:2      | Reached XP level 3. HP: 28/28 MP: 3/3
  1616 | D:2      | Reached XP level 4. HP: 31/35 MP: 4/4
  1680 | D:2      | Identified the +9 trident "Beastslayer" {speed, Str-5
                  | Dex+6}
  1893 | D:2      | Reached skill level 1 in Shields
  2127 | D:3      | Reached skill level 1 in Polearms
  2500 | D:3      | Reached XP level 5. HP: 41/41 MP: 5/5
  2740 | D:3      | Noticed an ogre
  2979 | D:3      | Killed an ogre
  2980 | D:3      | Reached skill level 2 in Polearms
  3170 | D:4      | Found Huhoek's Specific Store.
  3211 | D:4      | Found Siawnochi's General Store.
  3219 | D:4      | Bought a +0 pair of boots for 49 gold pieces
  3350 | D:4      | Reached skill level 3 in Polearms
  3350 | D:4      | Reached XP level 6. HP: 50/50 MP: 6/6
  3363 | D:4      | Gained mutation: You cannot study or cast Fire magic. [Ru
                  | sacrifice]
  3363 | D:4      | Gained mutation: You cannot study or cast Hexes magic. [Ru
                  | sacrifice]
  3363 | D:4      | Gained mutation: You cannot study or cast Summoning magic.
                  | [Ru sacrifice]
  3363 | D:4      | Reached *** piety under Ru
  3777 | D:4      | Identified the +1 robe of Red Divine Compulsion {Rampage
                  | rN+ Str+4}
  3981 | D:4      | Noticed a black bear
  3987 | D:4      | Killed a black bear
  3988 | D:4      | Reached skill level 4 in Polearms
  4079 | D:5      | Entered Level 5 of the Dungeon
  4177 | D:5      | Reached XP level 7. HP: 58/58 MP: 7/7
  4392 | D:5      | Noticed a hornet
  4401 | D:5      | Killed a hornet
  4402 | D:5      | Reached skill level 5 in Polearms
  4539 | D:5      | Reached XP level 8. HP: 67/67 MP: 8/8
  4579 | D:5      | Reached skill level 5 in Fighting
  4579 | D:5      | Reached skill level 6 in Polearms
  5731 | D:6      | Reached skill level 7 in Polearms
  5731 | D:6      | Reached skill level 5 in Shields
  5767 | D:6      | Gained mutation: You are somewhat inexperienced. (-2 XL)
                  | [Ru sacrifice]
  5767 | D:6      | Reached XP level 7. HP: 62/62 MP: 7/7
  5767 | D:6      | Reached XP level 6. HP: 57/57 MP: 6/6
  5767 | D:6      | Reached **** piety under Ru
  5767 | D:6      | Reached ***** piety under Ru
  6429 | D:6      | Found a staircase to the Ecumenical Temple.
  6667 | D:6      | Reached skill level 8 in Polearms
  6667 | D:6      | Reached XP level 7. HP: 16/64 MP: 7/7
  6985 | D:7      | Noticed Romesagentofchaos's ghost (novice HOFi)
  6985 | D:7      | Found a transporter.
  6985 | D:7      | Found a transporter.
  6988 | D:7      | Noticed a queen bee
  7149 | D:7      | Noticed Menkaure
  7581 | D:7      | Killed Menkaure
  8373 | D:7      | Reached skill level 9 in Polearms
  9068 | D:8      | Noticed Prince Ribbit
  9077 | D:8      | Killed Prince Ribbit
  9156 | D:8      | Noticed Maurice
  9296 | D:8      | Paralysed by something for 4 turns
  9308 | D:8      | Killed Maurice
  9309 | D:8      | Reached skill level 10 in Polearms
  9309 | D:8      | Reached XP level 8. HP: 66/74 MP: 8/8
  9516 | D:8      | Noticed an elephant
  9525 | D:8      | Killed an elephant
 10233 | D:9      | Reached skill level 11 in Polearms
 10269 | D:9      | Found Jitummos's Assorted Antiques.
 10269 | D:9      | Found Jalio's Weapon Emporium.
 10273 | D:9      | Gained mutation: You are hated by all. [Ru sacrifice]
 10285 | D:9      | Bought a slimy chain mail for 228 gold pieces
 10285 | D:9      | Identified the +0 chain mail "Buppeh" {Str+2} (You bought
                  | it in a shop on level 9 of the Dungeon)
 10285 | D:9      | Bought a scroll of identify for 48 gold pieces
 10285 | D:9      | Bought 2 red potions for 43 gold pieces
 10301 | D:9      | Identified a scroll of acquirement
 10302 | D:9      | Acquired the +18 shield of the Gong {rElec rN+ Will+ EV-5}
 10302 | D:9      | Found the +18 shield of the Gong {rElec rN+ Will+ EV-5}
 10379 | D:9      | Noticed a two-headed ogre
 10382 | D:9      | Noticed Erolcha
 10408 | D:9      | Killed a two-headed ogre
 10444 | D:9      | Killed Erolcha
 10445 | D:9      | Reached skill level 12 in Polearms
 10445 | D:9      | Reached XP level 9. HP: 75/85 MP: 0/9
 10616 | D:9      | Found a staircase to the Orcish Mines.
 10855 | D:9      | Found Seriazes's General Store.
 11027 | Orc:1    | Entered Level 1 of the Orcish Mines
 11044 | Orc:1    | Noticed an orc knight
 11143 | D:9      | Reached skill level 10 in Fighting
 11586 | D:9      | Killed an orc knight
 11756 | Orc:1    | Noticed a cyclops
 11766 | Orc:1    | Killed a cyclops
 11825 | Orc:1    | Noticed an orc sorcerer
 11825 | Orc:1    | Noticed an orc knight
 11837 | Orc:1    | Noticed a soul eater
 12280 | D:9      | Killed an orc knight
 12281 | D:9      | Reached skill level 13 in Polearms
 12561 | Orc:1    | Noticed a soul eater
 12573 | D:9      | Gained mutation: You sometimes lose the ability to read
                  | scrolls when taking damage. [a neqoxec]
 12590 | D:9      | Gained mutation: You have hidden genetic defects. [a
                  | neqoxec]
 12592 | D:9      | Killed an orc sorcerer
 12894 | Orc:2    | Entered Level 2 of the Orcish Mines
 12894 | Orc:2    | Found a staircase to the Elven Halls.
 12949 | Orc:2    | Noticed Nessos
 12968 | Orc:2    | HP: 1/86 [Nessos/arrow (7)]
 12968 | Orc:2    | Shot with an arrow by Nessos

Illustrated notes

Levels and vault maps discovered:
D:1:      lemuel_arrival_funnel, layout_basic,
          shapermc_ecumenical_altar_mp_highgroup, grunt_decor_cap,
          minmay_hedge_maze, lexackson_kobold_supper
D:2:      layout_basic
D:3:      layout_basic
D:4:      layout_cave_pods, chequers_serial_rivers_micro_a,
          nicolae_specific_store, chequers_serial_rivers_micro_c,
          grunt_decor_mini_mirrors, mrwooster_statue_mirror,
          palyth_stone_intersect, hangedman_decor_points, minmay_vboxes
D:5:      layout_layer_cave, serial_co_window_serial, co_window_paths_a,
          co_window_corner_a, co_window_paths_a, co_window_paths_a,
          co_window_of_opportunity_a, co_window_corner_b, co_window_corner_b,
          co_window_corner_b, co_window_4corner_a, co_window_paths_e
D:6:      layout_basic, minmay_temple_entry_fiery, serial_bayou,
          serial_bayou_shore_a, serial_bayou_pond_e, serial_bayou_crossing,
          serial_bayou_shore_b, serial_bayou_pond_d, kennysheep_generic_room_5
D:7:      layout_basic, gammafunk_ghost_hive, uniq_menkaure
D:8:      minmay_weird_star, layout_basic, chequers_jeans, minmay_misc_feat_x,
          uniq_prince_ribbit1, uniq_maurice
D:9:      layout_rooms, zombieorc2_lemuel, serial_shops, shop,
          kennysheep_mini_moat, shop_fountains, uniq_erolcha
Orc:1:    layout_diamond_mine
Orc:2:    st_orc_congregation, layout_caves, uniq_nessos

Skill      XL: |  1  2  3  4  5  6  7  8  9 |
---------------+----------------------------+-----
Short Blades   | 4 |  4.0
Shields        | 1 2 3 7 8 9 |  9.5
Polearms       | 1 3 8 10 12 13 | 13.2
Fighting       | 2 6 8 9 10 | 10.5
Long Blades    | |  4.6
Throwing       | |  1.7
Armour         | |  1.1

Action                   |  1- 3 |  4- 6 |  7- 9 || total
-------------------------+-------+-------+-------++-------
Melee: Dagger            |   101 |     6 |    85 ||   192
       Long sword        |     1 |       |       ||     1
       Hand axe          |     3 |    13 |    11 ||    27
       Trident           |       |   141 |   386 ||   527
       Flail             |       |       |    94 ||    94
       Spear             |       |       |    39 ||    39
Throw: Dart              |     6 |     3 |    16 ||    25
       Stone             |    14 |    28 |    23 ||    65
       Boomerang         |       |     2 |     6 ||     8
Invok: Sacrifice Artific |     1 |       |       ||     1
       Sacrifice Arcana  |       |     1 |       ||     1
       Sacrifice Experie |       |     1 |       ||     1
       Power Leap        |       |       |     7 ||     7
       Apocalypse        |       |       |     1 ||     1
       Sacrifice Love    |       |       |     1 ||     1
  Use: Scroll            |       |     9 |    12 ||    21
       Potion            |       |     1 |     2 ||     3
 Stab: Invisible         |       |     1 |     2 ||     3
       Distracted        |       |       |     2 ||     2
       Sleeping          |       |       |     1 ||     1
Armor: Leather armour    |    19 |    34 |       ||    53
       Chain mail        |       |    16 |    76 ||    92
       Scale mail        |       |     5 |    82 ||    87
       Robe              |       |       |     1 ||     1
Dodge: Dodged            |    36 |    21 |    46 ||   103
Block: Tower shield      |    12 |    82 |   392 ||   486
       Kite shield       |       |       |   189 ||   189
